[Event "Team 45 45 League T81"]
[Site "Internet Chess Club"]
[Date "2019.08.19"]
[Round "8"]
[White "cool64chess"]
[Black "trener"]
[Result "1-0"]
[WhiteElo "1926"]
[BlackElo "1715"]
[Opening "QGD: Orthodox defense, Bd3 line, 11.O-O"]
[ECO "D67"]
[Time "16:05:32"]
[TimeControl "2700+45"]

1. d4 d5 2. c4 e6 3. Nc3 Nf6 4. Nf3 Be7 5. Bg5 O-O 6. e3 Nbd7 7. Rc1 c6 8. Bd3
dxc4 9. Bxc4 Nd5 10. Bxe7 Qxe7 11. O-O Nxc3 12. bxc3 e5 13. Rb1 e4 14. Nd2 Nf6
15. Qc2 b5 16. Be2 Bf5 17. c4 Rfc8 18. a4 bxc4 19. Bxc4 c5 20. Ba6 Rc7 21. Rfc1
cxd4 22. Qxc7 {Black resigns} 1-0

[Event "Team 45 45 League T81"]
[Site "Internet Chess Club"]
[Date "2019.08.17"]
[Round "8"]
[White "MacroPawn"]
[Black "room-matt"]
[Result "0-1"]
[WhiteElo "1703"]
[BlackElo "1813"]
[Opening "English opening"]
[ECO "A20"]
[Time "12:03:03"]
[TimeControl "2700+45"]

1. c4 e5 2. g3 f5 3. Nc3 Nf6 4. Bg2 Bb4 5. Qc2 Bxc3 6. dxc3 d6 7. Bg5 h6 8. Bd2
O-O 9. Nf3 Nc6 10. O-O-O Ng4 11. Be1 Be6 12. h3 Nf6 13. Nh4 Qe8 14. Nxf5 Bxc4
15. e4 Be6 16. g4 Ne7 17. Bd2 Nxf5 18. exf5 Bc4 19. b3 Ba6 20. Rhe1 Qb5 21. g5
hxg5 22. Bxg5 Qc5 23. Rg1 Rae8 24. b4 Qb6 25. Be3 c5 26. Qb3+ Kh8 27. bxc5 dxc5
28. Qxb6 axb6 29. Rd6 e4 30. Kb2 Re5 31. Rxb6 Rxf5 32. Re6 Bc4 33. Rd6 b5 34.
Rc6 Rd8 35. Bf1 Rd1 36. Bxc4 Rxg1 37. Bxb5 Rh1 38. a4 Rxh3 39. a5 Ng4 40. Rc8+
Kh7 41. a6 Nxe3 42. a7 Nd5 43. a8=Q Rxf2+ {White forfeits on time} 0-1

[Event "Team 45 45 League T81"]
[Site "Internet Chess Club"]
[Date "2019.08.18"]
[Round "8"]
[White "MathBandit"]
[Black "nathanpillay"]
[Result "1-0"]
[WhiteElo "1659"]
[BlackElo "1769"]
[Opening "French: exchange variation"]
[ECO "C01"]
[Time "10:00:23"]
[TimeControl "2700+45"]

1. e4 e6 2. d4 d5 3. exd5 exd5 4. c4 Bb4+ 5. Nc3 Nf6 6. Nf3 O-O 7. Bd3 dxc4 8.
Bxc4 Bg4 9. O-O Nc6 10. Be3 Qd7 11. Be2 Rad8 12. a3 Be7 13. Rc1 a6 14. Re1 Nd5
15. Nxd5 Qxd5 16. h3 Bh5 17. Bc4 Qd7 18. g4 Bg6 19. d5 Nb8 20. Ne5 Qc8 21. f4
Bd6 22. Qf3 f6 23. Nxg6 hxg6 24. h4 Rde8 25. Bd3 f5 26. g5 Kf7 27. h5 Rh8 28.
hxg6+ Kxg6 29. Kg2 Rh7 30. Bd4 Kf7 31. g6+ Kxg6 32. Qg4+ Kf7 33. Bxf5 Rxe1 34.
Rxe1 Qh8 35. Qg6+ {Black resigns} 1-0

[Event "Team 45 45 League T81"]
[Site "Internet Chess Club"]
[Date "2019.08.16"]
[Round "8"]
[White "ivanson"]
[Black "President"]
[Result "1-0"]
[WhiteElo "1674"]
[BlackElo "1656"]
[Opening "Owen defense"]
[ECO "B00"]
[Time "18:30:34"]
[TimeControl "2700+45"]

1. e4 b6 2. d4 Bb7 3. Bd3 e6 4. Nf3 Nf6 5. Qe2 d5 6. e5 Ne4 7. Nbd2 Nxd2 8. Bxd2
c5 9. c3 c4 10. Bc2 Nc6 11. O-O Qd7 12. Rfe1 O-O-O 13. b3 Na5 14. b4 Nc6 15. a4
a5 16. b5 Nb8 17. Bc1 Re8 18. Ba3 h6 19. h4 Kc7 20. h5 Bxa3 21. Rxa3 Qe7 22.
Raa1 Nd7 23. Qe3 Bc8 24. Re2 Nf8 25. Qf4 f6 26. exf6+ Qd6 27. Qxd6+ Kxd6 28.
fxg7 Rg8 29. gxf8=Q+ Rexf8 30. Ne5 Rf4 31. Rae1 Rh4 32. Bg6 Rg7 33. g3 Rg4
{Black resigns} 1-0

[Event "Team 45 45 League T81"]
[Site "Internet Chess Club"]
[Date "2019.08.17"]
[Round "8"]
[White "Ajolote"]
[Black "fledermaus"]
[Result "1/2-1/2"]
[WhiteElo "1946"]
[BlackElo "1910"]
[Opening "Sicilian: closed"]
[ECO "B23"]
[Time "12:04:06"]
[TimeControl "2700+45"]

1. e4 c5 2. Nc3 e6 3. g3 Nc6 4. Bg2 g6 5. d3 Bg7 6. f4 d6 7. Nf3 Nge7 8. O-O O-O
9. Rb1 Rb8 10. Bd2 b6 11. a3 a5 12. a4 Nd4 13. Nxd4 cxd4 14. Nb5 f5 15. b4 d5
16. Qe1 Ra8 17. bxa5 bxa5 18. e5 Nc6 19. Qf2 Rf7 20. Nxd4 Nxd4 21. Qxd4 Bf8 22.
Qf2 Rb7 23. c4 Rab8 24. Rxb7 Bxb7 25. Rb1 Bc6 26. Rxb8 Qxb8 27. cxd5 exd5 28.
Qd4 Qb1+ 29. Kf2 Qa2 30. Ke1 Bb4 31. Bxb4 axb4 32. Qxb4 Bxa4 33. Qb8+ Kg7 34.
Qb7+ Kh6 35. Qxd5 Qb1+ 36. Kd2 Qb2+ 37. Ke3 Qc1+ 38. Kf2 Qd2+ 39. Kf1 {Game
drawn by mutual agreement} 1/2-1/2

[Event "Team 45 45 League T81"]
[Site "Internet Chess Club"]
[Date "2019.08.18"]
[Round "8"]
[White "MarcB"]
[Black "Grenadier"]
[Result "1-0"]
[WhiteElo "1716"]
[BlackElo "1641"]
[Opening "Queen's pawn game"]
[ECO "A46"]
[Time "15:01:02"]
[TimeControl "2700+45"]

1. Nf3 Nf6 2. d4 d6 3. g3 Bf5 4. Bg2 Nc6 5. O-O Qc8 6. d5 Nb4 7. c4 Nc2 8. Nh4
Nxa1 9. Nxf5 Qxf5 10. Na3 g6 11. Bf4 Bg7 12. Qxa1 a6 13. Qe1 O-O 14. e4 Qd7 15.
b3 b5 16. e5 dxe5 17. Bxe5 Rad8 18. Nc2 bxc4 19. bxc4 Qa4 20. Nb4 Rc8 21. Nc6
Rfe8 22. Qc3 Qxa2 23. Ra1 Qe2 24. Bf3 Ne4 25. Bxe4 Qxe4 26. Bxg7 f6 27. Re1 Qf5
28. Nxe7+ Rxe7 29. Rxe7 Rb8 30. Qxf6 a5 31. Qxf5 gxf5 32. Be5 a4 33. Bxc7 Rb1+
34. Kg2 a3 35. Be5 a2 36. Ra7 Rc1 37. Rxa2 Rxc4 38. Rd2 Kf7 39. d6 Rc8 40. d7
{Black resigns} 1-0

[Event "Team 45 45 League T81"]
[Site "Internet Chess Club"]
[Date "2019.08.17"]
[Round "8"]
[White "GoIrish"]
[Black "fireball"]
[Result "0-1"]
[WhiteElo "1527"]
[BlackElo "1509"]
[Opening "Réti opening"]
[ECO "A04"]
[Time "12:12:34"]
[TimeControl "2700+45"]

1. Nf3 g6 2. g3 Bg7 3. Bg2 e5 4. e4 Nc6 5. O-O Nge7 6. d3 O-O 7. Be3 d6 8. c3 f5
9. exf5 Bxf5 10. Bg5 h6 11. Bxe7 Qxe7 12. Nh4 Rab8 13. Nxf5 gxf5 14. Nd2 Nd8 15.
Nf3 Bf6 16. Bh3 Bg5 17. Bg2 Ne6 18. Nxg5 hxg5 19. Qh5 Qh7 20. Qd1 c6 21. Qb3 Qh6
22. Rae1 Kg7 23. Qa3 Nc5 24. c4 g4 25. b4 Rh8 26. f3 Qxh2+ 27. Kf2 gxf3 28. Kxf3
f4 29. gxf4 Qxf4+ 30. Ke2 Qg3 31. bxc5 Qxg2+ 32. Kd1 Qg4+ 33. Kc1 Rh3 34. cxd6
Qd4 35. Rg1+ Kh7 36. Rh1 Rxh1 37. Rxh1+ Kg6 38. c5 Qa1+ 39. Kc2 Qxh1 40. Qxa7
Rf8 41. Qxb7 Rf2+ 42. Kc3 Qc1+ {White resigns} 0-1

[Event "Team 45 45 League T81"]
[Site "Internet Chess Club"]
[Date "2019.08.18"]
[Round "8"]
[White "santiagoelawad"]
[Black "Monterrey"]
[Result "1/2-1/2"]
[WhiteElo "1942"]
[BlackElo "1984"]
[Opening "King's Indian: fianchetto, Panno variation"]
[ECO "E63"]
[Time "20:21:14"]
[TimeControl "2700+45"]

1. c4 Nf6 2. Nc3 g6 3. g3 Bg7 4. Bg2 O-O 5. Nf3 d6 6. d4 Nc6 7. O-O a6 8. h3 Bd7
9. e4 e5 10. d5 Nd4 11. Nxd4 exd4 12. Qxd4 Qc8 13. Be3 Bxh3 14. Qd2 Re8 15. f3
Bxg2 16. Kxg2 Nd7 17. Bd4 Ne5 18. b3 c5 19. dxc6 bxc6 20. Rae1 Qc7 21. f4 Ng4
22. Bxg7 Kxg7 23. Rf3 Rad8 24. Rd3 a5 25. Qe2 h5 26. Red1 f5 27. Qf3 fxe4 28.
Nxe4 Qe7 29. Nxd6 Qe2+ 30. Qxe2 Rxe2+ 31. Kg1 Kf8 32. R1d2 Re1+ 33. Kg2 c5 34.
Nb7 Rxd3 35. Rxd3 Re2+ 36. Kg1 Rxa2 37. Nxc5 Ke7 38. Nd7 a4 39. bxa4 Rxa4 40.
Nb6 Ra1+ 41. Kg2 Ra2+ 42. Kf1 Rc2 43. Nd5+ Ke6 44. Ne3 Nxe3+ 45. Rxe3+ Kf5 46.
Re5+ Kg4 47. Rg5+ Kf3 48. Ke1 Rxc4 49. Rxg6 h4 50. gxh4 Rxf4 {Game drawn by
mutual agreement} 1/2-1/2

[Event "Team 45 45 League T81"]
[Site "Internet Chess Club"]
[Date "2019.08.18"]
[Round "8"]
[White "laurenpar"]
[Black "jjmolina"]
[Result "1/2-1/2"]
[WhiteElo "1885"]
[BlackElo "1716"]
[Opening "Queen's pawn game"]
[ECO "D04"]
[Time "03:30:56"]
[TimeControl "2700+45"]

1. d4 Nf6 2. Nf3 d5 3. e3 c6 4. Nbd2 Bf5 5. c4 e6 6. Be2 h6 7. O-O Bd6 8. Ne5
O-O 9. b3 Qc7 10. Bb2 Nbd7 11. f4 Rfe8 12. a4 a5 13. Ba3 c5 14. Rc1 b6 15. cxd5
exd5 16. Ndf3 Be4 17. Bb5 Red8 18. Nxd7 Nxd7 19. Ne5 Nxe5 20. dxe5 Be7 21. Bb2
Qc8 22. Qh5 Bg6 23. Qf3 Be4 24. Qg3 Qf5 25. Be2 Ra7 26. Bg4 Qg6 27. f5 Qg5 28.
Rf4 Qh4 29. f6 Qxg3 30. hxg3 gxf6 31. e6 Bg6 32. Bxf6 Bxf6 33. Rxf6 Kg7 34. Rcf1
Re7 35. exf7 Bxf7 36. Rxb6 d4 37. exd4 cxd4 38. Rd1 Re3 39. b4 Rxg3 40. Bf3 Rg5
41. Rd2 axb4 42. Rxb4 d3 43. Rb5 Rd4 44. Rxg5+ hxg5 45. Bc6 Kf6 46. Kf2 Ke5 47.
Ke3 Bc4 48. Rb2 Rf4 49. Rb4 Rd4 50. Rb2 Bd5 51. Bxd5 Kxd5 52. Rb5+ Kc4 53. Rb2
Kc3 54. Rd2 {Game drawn by mutual agreement} 1/2-1/2

[Event "Team 45 45 League T81"]
[Site "Internet Chess Club"]
[Date "2019.08.17"]
[Round "8"]
[White "primerpaso"]
[Black "Otelo"]
[Result "1-0"]
[WhiteElo "1777"]
[BlackElo "1614"]
[Opening "English opening"]
[ECO "A16"]
[Time "11:03:42"]
[TimeControl "2700+45"]

1. c4 Nf6 2. Nc3 g6 3. g3 Bg7 4. Bg2 O-O 5. e4 d6 6. Nge2 e5 7. O-O c6 8. d4
exd4 9. Nxd4 Na6 10. h3 Qa5 11. Be3 Qh5 12. Qxh5 Nxh5 13. g4 Nf6 14. Rad1 Be6
15. Nxe6 fxe6 16. Rxd6 Nc7 17. Rfd1 Rfe8 18. e5 Nxg4 19. hxg4 Bxe5 20. Rd7 a6
21. f4 Bxc3 22. bxc3 Rac8 23. Bb6 Na8 24. Rxb7 e5 25. Be3 Nc7 26. Bxc6 Re7 27.
Rd7 {Black resigns} 1-0

[Event "Team 45 45 League T81"]
[Site "Internet Chess Club"]
[Date "2019.08.15"]
[Round "8"]
[White "Beddathanme"]
[Black "Portola"]
[Result "0-1"]
[WhiteElo "1716"]
[BlackElo "1665"]
[Opening "French: advance, Milner-Barry gambit"]
[ECO "C02"]
[Time "19:15:23"]
[TimeControl "2700+45"]

1. e4 e6 2. d4 d5 3. e5 c5 4. c3 Nc6 5. Nf3 Qb6 6. Bd3 Bd7 7. dxc5 Bxc5 8. O-O
f6 9. b4 Be7 10. b5 Na5 11. Nd4 f5 12. Nd2 Rc8 13. N2f3 g6 14. Be3 Qd8 15. Qd2
h6 16. g4 Nc4 17. Bxc4 Rxc4 18. gxf5 gxf5 19. Kh1 Bf8 20. Rg1 Ne7 21. Qe2 Qc8
22. Nh4 Kd8 23. Qh5 Be8 24. Qe2 Bf7 25. Nhf3 Bh5 26. Rg3 Ng6 27. Qd2 Ne7 28. a4
Bxf3+ 29. Nxf3 Rxc3 30. Bxa7 Qc4 31. Nd4 Rxg3 32. Nxe6+ Ke8 33. fxg3 Qe4+ 34.
Kg1 Rg8 35. Nc7+ Kd7 36. Re1 Qxa4 37. b6 Rg4 38. e6+ Kd8 39. Nxd5 Rd4 40. Qc3
Nxd5 41. Qf3 Qa5 42. Re5 Qa1+ 43. Kg2 Rd2+ 44. Re2 Rxe2+ 45. Qxe2 Qd4 46. Qh5
Ne3+ 47. Kh3 Qg4+ 48. Qxg4 Nxg4 49. Kg2 Bd6 50. h3 Ne5 51. Kf2 Ke7 52. Ke3 Kxe6
53. Kd4 h5 54. Ke3 Nc6 55. Kf3 Nd4+ 56. Kf2 Ke5 57. Ke3 Kd5 58. Kd3 Be5 59. Ke3
Bxg3 {White resigns} 0-1

[Event "Team 45 45 League T81"]
[Site "Internet Chess Club"]
[Date "2019.08.19"]
[Round "8"]
[White "joaoazm"]
[Black "DaveTheRook"]
[Result "1/2-1/2"]
[WhiteElo "1772"]
[BlackElo "1624"]
[Opening "Queen's Indian: Petrosian system"]
[ECO "E12"]
[Time "19:00:45"]
[TimeControl "2700+45"]

1. d4 Nf6 2. c4 e6 3. Nf3 b6 4. a3 Be7 5. Nc3 Bb7 6. e3 O-O 7. Bd3 d5 8. cxd5
exd5 9. O-O Nbd7 10. Bd2 Re8 11. Ng5 h6 12. Nf3 Ne4 13. Be1 c5 14. Rc1 Nxc3 15.
Bxc3 c4 16. Be2 Nf6 17. Qa4 Qd7 18. Qc2 Qc7 19. Bb4 b5 20. Bxe7 Qxe7 21. Ne5 Nd7
22. Nxd7 Qxd7 23. Bf3 Rad8 24. Qc3 Qc7 25. Qb4 a6 26. Rfe1 Qd6 27. Qa5 Re6 28.
Rc2 Qb6 29. Qd2 Ree8 30. Bg4 Bc8 31. Bxc8 Rxc8 32. Rec1 Qd6 33. Qa5 Re6 34. Qc3
Ree8 35. Kh1 Kh8 36. f3 f5 37. Re2 Kg8 38. Qc2 Qf6 39. e4 fxe4 40. fxe4 dxe4 41.
Rxe4 Rxe4 42. Qxe4 Rf8 43. h3 Qf4 44. Qe6+ Kh7 45. Rd1 Rf6 46. Qe2 Qd6 47. d5
Qf8 48. Kg1 Rd6 49. Qe4+ Kh8 50. Kh2 Qf2 51. Qd4 Qxd4 52. Rxd4 g5 53. Kg3 Kg7
54. Kf3 Kf6 55. Ke4 Rd8 56. Rd2 Re8+ 57. Kd4 Rd8 58. Re2 Kf7 59. Re6 Re8 60.
Rxh6 Re2 61. Rxa6 Rxb2 62. a4 Rd2+ 63. Kc3 Rxd5 64. axb5 Rxb5 65. Kxc4 Rb2 66.
g4 Rc2+ 67. Kd4 Rh2 68. Ke5 Rxh3 69. Kf5 Rc3 70. Ra7+ Ke8 71. Kxg5 Rc5+ 72. Kg6
Rc6+ 73. Kh5 Rc5+ 74. g5 Kf8 75. Kh6 Rc2 76. g6 Rh2+ 77. Kg5 Rg2+ 78. Kf6 Rf2+
79. Ke5 Re2+ 80. Kf4 Rg2 81. Kf5 Rf2+ 82. Ke6 Re2+ 83. Kd7 Rd2+ 84. Kc8 Rg2 85.
Rf7+ Kg8 86. Rf6 Kg7 {Game drawn by mutual agreement} 1/2-1/2

[Event "Team 45 45 League T81"]
[Site "Internet Chess Club"]
[Date "2019.08.17"]
[Round "8"]
[White "pokerram"]
[Black "WillC"]
[Result "0-1"]
[WhiteElo "1542"]
[BlackElo "1639"]
[Opening "QGD: 4.Nf3"]
[ECO "D37"]
[Time "13:04:44"]
[TimeControl "2700+45"]

1. Nf3 d5 2. d4 Nf6 3. c4 e6 4. Nc3 Be7 5. cxd5 exd5 6. Bf4 a6 7. e3 O-O 8. Bd3
Re8 9. O-O Bg4 10. h3 Bh5 11. g4 Bg6 12. Ne5 Bxd3 13. Nxd3 c6 14. a3 Nbd7 15. b4
Nf8 16. Ne5 Ne6 17. f3 h6 18. Na4 Nd7 19. Nxd7 Nxf4 20. Nab6 Nxh3+ 21. Kg2 Ng5
22. Nxa8 Qxd7 23. Nb6 Qd6 24. Ra2 Bd8 25. Na4 Rxe3 26. Re2 Bc7 27. f4 Rxe2+ 28.
Qxe2 Ne4 29. Nc5 Nxc5 30. bxc5 Qf6 31. Qe3 Qh4 32. Qe8+ Kh7 33. Qd7 Bd8 34. Qf5+
Kg8 35. Qd7 Qf6 36. Re1 Ba5 37. Re8+ Kh7 38. Qc8 Qxf4 39. Qf5+ Qxf5 40. gxf5 Bc3
41. Re7 Bxd4 42. Rxb7 Bxc5 43. Rc7 Bxa3 44. Rxc6 a5 45. Rc7 d4 46. Kf1 Bb4 47.
Ke2 Bc3 48. Rxf7 Kg8 49. Ra7 h5 50. Rb7 h4 51. Rb1 Kf7 52. Rh1 Kf6 53. Rxh4 Kxf5
54. Rh8 g5 55. Rf8+ Kg4 56. Rg8 Kf4 57. Rf8+ Kg3 58. Rf3+ Kh4 59. Kf1 a4 60. Kg2
g4 61. Rf8 a3 62. Ra8 Bb2 63. Ra6 Kg5 64. Kg3 Kf5 65. Ra5+ Ke4 66. Kxg4 d3 67.
Rf5 d2 {White resigns} 0-1

[Event "Team 45 45 League T81"]
[Site "Internet Chess Club"]
[Date "2019.08.15"]
[Round "8"]
[White "Megasus"]
[Black "Conjurer"]
[Result "1-0"]
[WhiteElo "1490"]
[BlackElo "1240"]
[Opening "Queen's pawn game, Darooha variation "]
[ECO "D02"]
[Time "13:00:56"]
[TimeControl "2700+45"]

1. Nf3 Nf6 2. d4 d5 3. h3 e6 4. a3 c5 5. e3 cxd4 6. exd4 Nc6 7. b3 a6 8. Nbd2 b5
9. Bb2 Be7 10. Bd3 O-O 11. c4 b4 12. a4 a5 13. Qc2 g6 14. O-O Bb7 15. Rfe1 Re8
16. c5 Bf8 17. Bb5 Qc7 18. Ne5 Re7 19. Qd3 Rae8 20. Ndf3 Bg7 21. Rac1 Nh5 22.
Qd2 Rd8 23. Rc2 f6 24. Nd3 g5 25. g4 Nf4 26. Nxf4 Qxf4 27. Qxf4 gxf4 28. h4 Na7
29. c6 Bc8 30. g5 f5 31. Bd3 Rd6 32. Bxf5 Nxc6 33. Bg4 Ba6 34. Ne5 Nxe5 35. dxe5
Rd8 36. Bd4 Bd3 37. Rc5 Ra8 38. Rec1 Ree8 39. Rc6 Ra6 40. Rxa6 Bxa6 41. Rc5 Rc8
42. Bxe6+ {Black resigns} 1-0

[Event "Team 45 45 League T81"]
[Site "Internet Chess Club"]
[Date "2019.08.17"]
[Round "8"]
[White "idjit"]
[Black "VictorRed"]
[Result "1/2-1/2"]
[WhiteElo "1620"]
[BlackElo "1683"]
[Opening "Sicilian: closed"]
[ECO "B23"]
[Time "18:08:53"]
[TimeControl "2700+45"]

1. e4 c5 2. Nc3 e6 3. f4 Nc6 4. Nf3 Nf6 5. Bb5 Be7 6. O-O O-O 7. d3 d5 8. Bxc6
bxc6 9. Ne5 Bb7 10. Qe1 Nd7 11. Qf2 Nxe5 12. fxe5 Qc7 13. Bf4 Rad8 14. b3 Qa5
15. Na4 dxe4 16. dxe4 Rd4 17. Be3 Rxe4 18. Bxc5 Qd8 19. Rad1 Qe8 20. Bxe7 Qxe7
21. Nc5 Rxe5 22. Rd7 Qxc5 23. Rxb7 Qxf2+ 24. Rxf2 Re1+ 25. Rf1 Re2 26. Rf2 Re1+
{Game drawn by mutual agreement} 1/2-1/2

[Event "Team 45 45 League T81"]
[Site "Internet Chess Club"]
[Date "2019.08.18"]
[Round "8"]
[White "julesraider"]
[Black "Bizzy-Ketty"]
[Result "1-0"]
[WhiteElo "1634"]
[BlackElo "1596"]
[Opening "Bogo-Indian defense"]
[ECO "E11"]
[Time "16:00:55"]
[TimeControl "2700+45"]

1. d4 Nf6 2. c4 e6 3. Nf3 Bb4+ 4. Bd2 a5 5. g3 O-O 6. Bg2 d5 7. O-O c5 8. a3
Bxd2 9. Qxd2 cxd4 10. Nxd4 e5 11. Nf3 e4 12. Nd4 dxc4 13. Qc3 Qd5 14. Nd2 b5 15.
a4 Rd8 16. e3 Nc6 17. Nxc6 Qxc6 18. axb5 Qxb5 19. Nxe4 Nd5 20. Rfd1 Bg4 21. Rxd5
Rxd5 22. Nf6+ gxf6 23. Qxf6 Rf5 24. Qd4 Bf3 25. Bxf3 Rxf3 26. Qg4+ Kf8 27. Qxf3
Rb8 28. Qf6 Kg8 29. Rd1 Qxb2 30. Rd8+ Rxd8 31. Qxb2 Rc8 32. Qc3 a4 33. Kf1 a3
34. Qxa3 c3 35. Qc1 c2 36. Ke2 Kg7 37. Kd2 Kg6 38. e4 f6 39. f4 Rc4 40. Kd3 Rc8
41. Qxc2 Rxc2 42. Kxc2 Kf7 43. Kd3 Ke6 44. Kd4 h6 45. h3 Kd6 46. g4 Ke6 47. h4
Ke7 48. Kd5 Kd7 49. g5 hxg5 50. hxg5 Ke7 51. gxf6+ Kxf6 52. Kd6 Kf7 53. Kd7 Kf6
54. e5+ Kf5 55. e6 Kxf4 56. e7 Ke4 57. e8=Q+ Kd4 58. Qh5 Ke4 59. Kd6 Kd4 60.
Qd5+ Ke3 61. Ke5 Ke2 62. Ke4 Kf2 63. Qd3 Kg1 64. Qc2 Kh1 65. Kf3 Kg1 66. Qg2#
{Black checkmated} 1-0

[Event "Team 45 45 League T81"]
[Site "Internet Chess Club"]
[Date "2019.08.14"]
[Round "8"]
[White "tryanything"]
[Black "ARMAND02019"]
[Result "0-1"]
[WhiteElo "1501"]
[BlackElo "1643"]
[Opening "QGD semi-Slav: accelerated Meran (Alekhine variation)"]
[ECO "D45"]
[Time "19:04:09"]
[TimeControl "2700+45"]

1. d4 d5 2. Nf3 e6 3. c4 c6 4. e3 Nf6 5. Nc3 a6 6. Bd3 Be7 7. O-O b5 8. c5 Nbd7
9. Bd2 Bb7 10. b4 Qc7 11. h3 e5 12. dxe5 Nxe5 13. Nxe5 Qxe5 14. Ne2 Ne4 15. Bxe4
Qxe4 16. Nd4 O-O 17. Qc2 Qxc2 18. Nxc2 a5 19. a3 Bf6 20. Nd4 axb4 21. axb4 Ra4
22. Rxa4 bxa4 23. Ra1 Ra8 24. Ra2 Bxd4 25. exd4 Kf8 26. Bf4 f6 27. Bc7 Rc8 28.
Ba5 Ba6 29. Rxa4 Bb5 30. Ra1 Re8 31. Rd1 Re2 32. f3 Kf7 33. Kh2 g5 34. Kg3 h5
35. Bc7 Rb2 36. Ba5 Kg6 37. Bc7 h4+ 38. Kh2 Be2 39. Re1 Bxf3 {White resigns} 0-1

[Event "Team 45 45 League T81"]
[Site "Internet Chess Club"]
[Date "2019.08.16"]
[Round "8"]
[White "Toalla"]
[Black "Electryon"]
[Result "0-1"]
[WhiteElo "1217"]
[BlackElo "1459"]
[Opening "Nimzovich-Larsen attack: classical variation"]
[ECO "A01"]
[Time "12:00:49"]
[TimeControl "2700+45"]

1. b3 d5 2. Bb2 c6 3. g3 Bf5 4. Bg2 e6 5. Nf3 Nd7 6. d3 Ngf6 7. O-O Be7 8. Nbd2
O-O 9. Re1 Qc7 10. e4 dxe4 11. dxe4 Bg4 12. h3 Bxf3 13. Nxf3 Rad8 14. Qc1 e5 15.
c4 Rfe8 16. Qc2 Bc5 17. Rad1 Nh5 18. Kh2 Qb6 19. Re2 f6 20. Nh4 g6 21. Bf3 Ng7
22. a3 Nf8 23. Rxd8 Rxd8 24. b4 Bd4 25. Rd2 Nfe6 26. c5 Qc7 27. Qc4 Kh8 28. Bg2
Bxb2 29. Rxb2 Rd4 30. Qe2 Qd7 31. Nf3 Rd3 32. Rd2 Rxd2 33. Nxd2 Nd4 34. Qc4 Nge6
35. h4 Kg7 36. Bh3 Qe7 37. Bxe6 Nxe6 38. Qd3 Nd4 39. Nc4 Qc7 40. Nd6 Kf8 41. Kg2
b6 42. Qe3 Qg7 43. a4 bxc5 44. bxc5 h6 45. g4 g5 46. h5 Qc7 47. Nf5 Nxf5 48.
gxf5 Qf7 49. Qf3 Qc4 50. Qe3 Qxa4 51. Kg3 Qd4 52. Kf3 a5 53. Qxd4 exd4 54. Ke2
a4 55. Kd3 a3 {White resigns} 0-1

[Event "Team 45 45 League T81"]
[Site "Internet Chess Club"]
[Date "2019.08.19"]
[Round "8"]
[White "clarinetref"]
[Black "KidRattler"]
[Result "0-1"]
[WhiteElo "1511"]
[BlackElo "1616"]
[Opening "Benko's opening"]
[ECO "A00"]
[Time "19:05:37"]
[TimeControl "2700+45"]

1. g3 Nf6 2. Bg2 d5 3. Nf3 e6 4. b3 Be7 5. Bb2 O-O 6. O-O c5 7. d4 b6 8. Nbd2
Bb7 9. c4 dxc4 10. Nxc4 Nbd7 11. e3 Re8 12. Qe2 Qc7 13. Rac1 b5 14. Ncd2 Qb6 15.
dxc5 Bxc5 16. a3 a5 17. Rfd1 Rad8 18. Bf1 Bc6 19. Nd4 Bxd4 20. Bxd4 Qb7 21. f3
e5 22. Bc5 Nxc5 23. Rxc5 Qb6 24. Rdc1 Rd6 25. b4 a4 26. Nb1 Red8 27. R1c2 Nd7
28. R2c3 g6 29. e4 f6 30. Qc2 Nb8 31. Kg2 Qb7 32. g4 g5 33. Bd3 Qd7 34. Bxb5
Bxb5 35. Qa2+ Kh8 36. Rd5 Rxd5 37. exd5 Na6 38. Nd2 Qxd5 39. Qxd5 Rxd5 40. Ne4
Kg7 41. Rc8 Rd7 42. Nc3 Rc7 43. Rxc7+ Nxc7 44. Kf2 Bc6 45. Ke2 Nb5 46. Nxb5
Bxb5+ 47. Ke3 Kf7 48. Ke4 Ke6 49. h3 h6 50. Ke3 Kd5 51. Kd2 Kc4 52. Ke3 Kb3 53.
Ke4 Kxa3 54. Kf5 Kxb4 55. Kxf6 a3 56. Kxe5 a2 {White resigns} 0-1

[Event "Team 45 45 League T81"]
[Site "Internet Chess Club"]
[Date "2019.08.19"]
[Round "8"]
[White "bardu"]
[Black "sdcohle"]
[Result "1-0"]
[WhiteElo "1325"]
[BlackElo "1273"]
[Opening "QGD semi-Slav: Chigorin defense"]
[ECO "D45"]
[Time "20:18:26"]
[TimeControl "2700+45"]

1. d4 d5 2. c4 c6 3. Nf3 Nf6 4. Nc3 e6 5. e3 Bd6 6. Bd3 Nbd7 7. e4 dxe4 8. Nxe4
Bc7 9. Bg5 h6 10. Be3 Nxe4 11. Bxe4 Nf6 12. Bd3 a6 13. Rc1 O-O 14. Qd2 a5 15.
Bxh6 a4 16. Qg5 Ne8 17. Qxd8 Bxd8 18. Bd2 Bf6 19. Bb4 Nc7 20. Bxf8 Kxf8 21. O-O
Bd7 22. b3 c5 23. d5 exd5 24. cxd5 Nxd5 25. Rxc5 Be6 26. Be4 Rd8 27. Rd1 axb3
28. axb3 b6 29. Rb5 Nc3 30. Rxd8+ Bxd8 31. Rb4 f5 32. Bc2 Kf7 33. Ne5+ Kf6 34.
Nc6 Bc7 35. Nd4 Bf7 36. Bxf5 g6 37. Bc2 Be8 38. Kf1 b5 39. Ne2 Nd5 40. Rh4 g5
41. Rh6+ Kg7 42. Rh7+ Kf6 43. Nd4 Be5 44. Rh6+ Kf7 45. Bg6+ Kg7 46. Nf5+ Kf6 47.
Bxe8+ Kxf5 48. Bxb5 Nf4 49. Bd7+ Ke4 50. b4 Nd3 51. b5 Nc5 52. Bc6+ Kd4 53. Rg6
Bf4 54. g3 Bc7 55. Rxg5 Ne6 56. Rg6 Ke5 57. Ke2 Bd6 58. Rg8 Bc7 59. Rc8 Kd6 60.
h4 Nd4+ 61. Ke3 Nxc6 62. bxc6 Kxc6 63. h5 Kd7 64. Rg8 Be5 65. f4 Bf6 66. h6 Ke7
67. g4 Kf7 68. Ra8 Kg6 69. g5 Bb2 70. Ke4 Bc3 71. Ra6+ Kh7 72. f5 Bh8 73. Ra7+
Kg8 74. g6 Bf6 75. h7+ Kh8 76. Ra8+ Kg7 77. Rg8+ Kh6 78. h8=Q+ Bxh8 79. Rxh8+
Kg7 80. Rh7+ Kg8 81. Ke5 Kf8 82. Ke6 Kg8 83. Ra7 Kh8 84. f6 Kg8 85. Ke7 Kh8 86.
Ra8# {Black checkmated} 1-0

[Event "Team 45 45 League T81"]
[Site "Internet Chess Club"]
[Date "2019.08.19"]
[Round "8"]
[White "gregorgg"]
[Black "Conjurer"]
[Result "1-0"]
[WhiteElo "1198"]
[BlackElo "1296"]
[Opening "Queen's pawn"]
[ECO "A40"]
[Time "13:05:03"]
[TimeControl "2700+45"]

1. d4 e6 2. Bf4 d5 3. Nf3 Nf6 4. e3 Bd6 5. Bg3 O-O 6. c3 c5 7. Nbd2 Nc6 8. Bb5
Bxg3 9. hxg3 Qb6 10. Bxc6 bxc6 11. dxc5 Qxb2 12. Qc1 Qb5 13. Nb3 Ba6 14. Qc2 Ne4
15. Nfd4 Qb7 16. f3 Nf6 17. g4 g6 18. g5 Nd7 19. g3 e5 20. Qh2 h5 21. Nf5 Kh7
22. g4 Rh8 23. Nd6 Qb8 24. Nxf7 Rf8 25. Nd6 Rxf3 26. O-O-O Qf8 27. gxh5 Kg7 28.
hxg6 Kxg6 29. Qh6+ Qxh6 30. gxh6 Kh7 31. Rdg1 Rg8 32. Rxg8 Kxg8 33. h7+ Kh8 34.
Kd2 Nf8 35. Na5 Rf2+ 36. Ke1 Rxa2 37. Nf7+ Kg7 38. h8=Q+ Kxf7 39. Rh7+ Nxh7 40.
Qxh7+ Ke6 41. Qg6+ Kd7 42. Qxc6+ Ke7 43. Qd6+ Ke8 44. Qxe5+ {Black resigns} 1-0

[Event "Team 45 45 League T81"]
[Site "Internet Chess Club"]
[Date "2019.08.15"]
[Round "8"]
[White "guyd52"]
[Black "seldredg"]
[Result "1/2-1/2"]
[WhiteElo "1268"]
[BlackElo "1364"]
[Opening "Réti opening"]
[ECO "A05"]
[Time "15:00:32"]
[TimeControl "2700+45"]

1. Nf3 Nf6 2. g3 b6 3. Bg2 Bb7 4. d3 e6 5. Nbd2 c5 6. O-O d6 7. e4 Nbd7 8. Nc4
Qc7 9. Bf4 e5 10. Bg5 Be7 11. a3 O-O 12. Bh3 h6 13. Be3 Rfe8 14. Nh4 Kh7 15. Nf5
Ng8 16. Qf3 Ndf6 17. Bd2 Bc8 18. Nce3 g6 19. Nxe7 Qxe7 20. Bxc8 Raxc8 21. Ng4 g5
22. Nxf6+ Nxf6 23. g4 Qd7 24. h3 Re6 25. c4 Kg7 26. b3 Rh8 {Game drawn by mutual
agreement} 1/2-1/2